 Dungeon Crawl Stone Soup version 0.27.0-1-g7a089689b8 (webtiles) character file.

Game seed: 16245915310327813201

526 Ozzies the Skirmisher (level 7, -8/63 HPs)
             Began as a Palentonga Monk on Aug 1, 2021.
             Mangled by a large abomination (17 damage)
             ... on level 2 of the Abyss.
             The game lasted 00:11:10 (6751 turns).

Ozzies the Skirmisher (Palentonga Monk)             Turns: 6751, Time: 00:11:10

Health: -8/63      AC: 15    Str: 17    XL:     7   Next: 2%
Magic:  7/7        EV:  9    Int: 10    God:
Gold:   207        SH:  0    Dex: 18    Spells: 6/6 levels left

rFire    . . .     SeeInvis +     - Unarmed
rCold    . . .     Faith    .   (no shield)
rNeg     . . .     Spirit   .   a - +0 robe
rPois    .         Reflect  .   (no helmet)
rElec    .         Harm     .   (no cloak)
rCorr    .         Rampage  .   (no gloves)
Will     +....                  m - +0 barding
Stlth    ++........             (no amulet)
HPRegen  0.20/turn              i - ring of willpower
MPRegen  0.10/turn              f - +6 ring of dexterity

@: curled up
A: large, rugged brown scales 3, see invisible, deformed body, roll 1, armoured
tail, reflexive curl
a: Rolling Charge


You were on level 2 of the Abyss.
You visited 1 branch of the dungeon, and saw 4 of its levels.
You visited the Abyss 1 time.

You collected 207 gold pieces.

Inventory:

Missiles
 k - 11 poisoned darts (quivered)
 o - 54 stones
 v - 24 sling bullets
Armour
 a - a +0 robe (worn)
 c - a +1 kite shield
 e - a +0 buckler
 m - a +0 barding (worn)
Jewellery
 b - an amulet of the acrobat
 f - a +6 ring of dexterity (right hand)
 i - a ring of willpower (left hand)
 u - a ring of protection from cold
Wands
 t - a wand of iceblast (11)
Scrolls
 d - a scroll of identify {@r1}
 h - a scroll of enchant armour
 l - a scroll of teleportation {@r3 !r}
 r - a scroll of silence {unknown}
Potions
 g - a potion of mutation
 j - a potion of curing {@q1 !q}
 n - 3 potions of magic
 p - 2 potions of attraction {unknown}
 q - 2 potions of heal wounds {unknown}
 s - a potion of haste {unknown}


   Skills:
 * Level 6.5 Fighting
 + Level 2.7 Dodging
 - Level 1.2 Stealth
 + Level 1.0 Shields
 + Level 4.9 Unarmed Combat
 + Level 0.0 Evocations


You had 6 spell levels left.
You didn't know any spells.
Your spell library contained the following spells:

 Spells                   Type           Power      Damage    Failure   Level
 Gell's Gravitas          Tloc           0%         N/A       75%         3
 Lesser Beckoning         Tloc           0%         N/A       75%         3
 Teleport Other           Tloc           0%         N/A       75%         3


Dungeon Overview and Level Annotations

Branches:
Dungeon (4/15)
 Temple: D:4-7

Altars:
Xom

Shops:
D:2 *

Annotations:
D:2 exclusion: downstairs
D:3 3 runed translucent doors, exclusion: downstairs, graki42's ghost, amateur OpCj
D:4 exclusion: gnoll sergeant


Innate Abilities, Weirdness & Mutations

You are completely covered in rugged brown scales. (AC +3, +7% HP)
You have supernaturally acute eyesight. (SInv)
Armour fits poorly on your strangely shaped body.
You can roll at nearby foes to attack.
You have a long armoured tail.
You curl defensively after being hit.


Message History

Really walk into that dispersal trap? [Y]es or [N]o only, please.
Really walk into that dispersal trap? [Y]es or [N]o only, please.
Really walk into that dispersal trap? [Y]es or [N]o only, please.
Really walk into that dispersal trap? [Y]es or [N]o only, please.
Really walk into that dispersal trap? [Y]es or [N]o only, please.
Really walk into that dispersal trap? [Y]es or [N]o only, please.
Really walk into that dispersal trap? [Y]es or [N]o only, please.
Really walk into that dispersal trap? [Y]es or [N]o only, please.
Really walk into that dispersal trap? [Y]es or [N]o only, please.
Really walk into that dispersal trap? [Y]es or [N]o only, please.
Really walk into that dispersal trap?
You enter a dispersal trap!
You blink.
The gnoll shouts!
You hear a shout!
The gnoll hits you with a +0 spear.
You hit the gnoll but do no damage. The gnoll barely misses you.
You punch the gnoll!
The gnoll is severely wounded.
The gnoll hits you but does no damage.
You hit the gnoll. You tail-slap the gnoll.
You kill the gnoll!
You see here a +0 spear.
Press: ? - help, v - describe, . - travel
Here: a gnoll, wielding a +0 club The floor.
Roll where?
Press: ? - help, Dir - move target, f - gnoll sergeant
Aim: a gnoll sergeant, wielding a +0 spear and wearing a +0 ring mail You roll forward with a clatter of scales!
You hit the gnoll sergeant but do no damage.
Your tail-slap misses the gnoll sergeant.
The gnoll hits you but does no damage.
The gnoll sergeant hits you but does no damage.
The gnoll sergeant hits you from afar with a +0 spear.
Unknown command.
The gnoll hits you from afar with a +1 spear of distortion.
You are cast into the Abyss!
To return, you must find a gate leading back.
Killing monsters will force the Abyss to allow you passage.
This branch contains the abyssal rune of Zot.
Found a hand axe.
A lich comes into view.
The lich shouts!
The lich gestures wildly while chanting.
The lich flickers and vanishes for a moment.
The lich casts a spell at you.
You struggle to resist.
Found a There-And-Back Book.
The lich gestures at you while chanting.
The bolt of cold hits you.
The lich launches a ball of destructive magic.
An orb of destruction comes into view.
The orb of destruction hits a rock wall.
Found a murky coppery potion.
Found a gateway leading deeper into the Abyss.
There is a gateway leading deeper into the Abyss here.
You can't go up here!
You plunge deeper into the Abyss.
Found 2 potions of magic and a tourmaline ring.
Found 32 gold pieces.
Found a scroll labelled VEPOTW VIRYTWU.
n - 3 potions of magic (gained 2)
u - a ring of protection from cold
Found 24 sling bullets.
v - 24 sling bullets You enter the shallow water.
Moving in this stuff is going to be slow.
Found 21 arrows.
The sun demon shouts!
A rakshasa comes into view. It is wielding a +0 whip.
Found a rapier.
A large abomination comes into view.
A small abomination comes into view.
A small abomination comes into view.
A smoke demon comes into view.
The smoke demon roars!
The smoke demon gestures at you. Something smites you!
You closely miss the small abomination.
The small abomination closely misses you.
The small abomination hits you!
The small abomination hits you but does no damage.
The small abomination hits you! The large abomination hits you!
* * * LOW HITPOINT WARNING * * *
You hit the large abomination but do no damage.
The large abomination hits you!
* * * LOW HITPOINT WARNING * * *
You hit the large abomination but do no damage.
You tail-slap the large abomination, but do no damage.
The large abomination hits you!
You die...

.... .... .##. #
.. #..##..##..## #
#.... .........
....... ....
.#..##. ##.. ..
...##..##..##..
####..............
#@#... ...... ...
##X3..# ..##..# ..
###x.##..##..##..
#...3....3......
#......)........
##..##..##..##..
#..# ..##..##.. #.
............
.......... ....


You could see a sun demon, a large abomination, a smoke demon and a small
abomination.

Vanquished Creatures
  A sky beast (D:3)
  2 ogres
  An orc priest (D:3)
  An iguana (D:4)
  3 gnolls (D:4)
  6 adders
  An adder zombie (D:1)
  5 worms
  A dart slug (D:2)
  6 orcs
  6 ball pythons
  A bat zombie (D:1)
  7 endoplasms
  3 giant cockroaches (D:1)
  10 goblins
  4 hobgoblins
  19 jackals
  4 quokkas
  8 bats
  4 frilled lizards
  11 kobolds
  A rat (D:3)
105 creatures vanquished.

Notes
Turn   | Place    | Note
-------+----------+-------------------------------------------
     0 | D:1      | Ozzies the Palentonga Monk began the quest for the Orb.
     0 | D:1      | Reached XP level 1. HP: 19/19 MP: 1/1
   215 | D:1      | Reached XP level 2. HP: 23/25 MP: 2/2
   849 | D:1      | Reached XP level 3. HP: 15/32 MP: 3/3
  1277 | D:1      | Reached skill level 4 in Fighting
  1665 | D:2      | Found Niety's General Store.
  2513 | D:2      | Reached XP level 4. HP: 31/40 MP: 4/4
  2892 | D:2      | Found a faded altar of an unknown god.
  3596 | D:3      | Reached skill level 5 in Fighting
  3764 | D:3      | Noticed an ogre
  4104 | D:3      | Reached XP level 5. HP: 36/47 MP: 5/5
  4447 | D:3      | Found a runed translucent gate.
  4447 | D:3      | Found a runed translucent gate.
  4449 | D:3      | Found a runed translucent gate.
  4457 | D:3      | Noticed graki42's ghost (amateur OpCj)
  4597 | D:3      | Noticed a sky beast
  4601 | D:3      | Killed a sky beast
  4699 | D:3      | Killed an ogre
  4700 | D:3      | Reached skill level 6 in Fighting
  4700 | D:3      | Reached XP level 6. HP: 44/55 MP: 6/6
  4903 | D:4      | Found a shimmering altar of Xom.
  5683 | D:4      | Reached skill level 1 in Shields
  5825 | D:4      | Gained mutation: You curl defensively after being hit.
                  | [Palentonga growth]
  5825 | D:4      | Reached XP level 7. HP: 31/63 MP: 7/7
  6628 | D:4      | Cast into level 1 of the Abyss (gnoll)
  6630 | Abyss:1  | Noticed a lich
  6727 | Abyss:2  | Noticed a sun demon
  6727 | Abyss:2  | Noticed a golden eye
  6728 | Abyss:2  | Noticed a rakshasa
  6732 | Abyss:2  | Noticed a large abomination
  6736 | Abyss:2  | Noticed a smoke demon
  6751 | Abyss:2  | Mangled by a large abomination

Illustrated notes

Levels and vault maps discovered:
D:1:      saegor_arrival_fortress, layout_loops_corners, minmay_pentomino_u4
D:2:      layout_rooms, chequers_ecumenical_altar_grove, serial_shops, shop
D:3:      layout_basic, gammafunk_ghost_split
D:4:      layout_basic, xom_teletrap_fun
Abyss:2:  base: D:3, evilmike_abyss_exit_7

Skill      XL: |  1  2  3  4  5  6 |
---------------+-------------------+-----
Fighting       | 4 5 6 |  6.5
Unarmed Combat | 4 |  4.9
Shields        | 1 |  1.0
Dodging        | |  2.7
Stealth        | |  1.2

Action                   |  1- 3 |  4- 6 |  7- 9 || total
-------------------------+-------+-------+-------++-------
Melee: Unarmed           |   151 |   191 |     7 ||   349
       Tailslap          |    15 |    35 |     2 ||    52
       Punch             |     2 |     3 |       ||     5
Throw: Dart              |       |     7 |       ||     7
 Abil: Rolling Charge    |     1 |     9 |     1 ||    11
  Use: Scroll            |     3 |     6 |       ||     9
 Stab: Sleeping          |     8 |     1 |       ||     9
Armor: Robe              |    66 |    61 |     4 ||   131
Dodge: Dodged            |    81 |    78 |     2 ||   161
